 Dungeon Crawl Stone Soup version 0.26-a0-540-g8a0c9464d7 (webtiles) character file.

Game seed: 8010384776454235119

3521 Gorglomux the Frost Mage (level 9, -13/54 HPs)
             Began as a Felid Ice Elementalist on Aug 23, 2020.
             Was a High Priest of Okawaru.
             Killed from afar by Jorgrun (45 damage)
             ... with an iron shot
             ... on level 12 of the Dungeon.
             The game lasted 00:46:38 (15105 turns).

Gorglomux the Frost Mage (Felid Ice Elementalist)  Turns: 15105, Time: 00:46:39

Health: -13/54     AC: 16    Str:  4    XL:     9   Next: 81%
Magic:  15/22      EV: 18    Int: 21    God:    Okawaru [*****.]
Gold:   678        SH:  0    Dex: 22    Spells: 5/24 levels left
                                        Lives:  0   Deaths: 2

rFire    x . .     SeeInvis +     - Unarmed
rCold    + + +     Faith    .   (shield unavailable)
rNeg     . . .     Spirit   .   (armour unavailable)
rPois    +         Reflect  .   (helmet unavailable)
rElec    .         Harm     .   (cloak unavailable)
rCorr    .                      (gloves unavailable)
MR       ++...                  (boots unavailable)
Stlth    +++++.....             k - amulet of magic regeneration
HPRegen  0.18/turn              m - ring of protection from magic
MPRegen  0.43/turn              y - +6 ring of dexterity

@: icy armour, ice-form, heroism, frozen ramparts
A: large, no armour, no weapons or thrown items, stealth, see invisible
a: End Transformation, Heroism, Finesse, Renounce Religion


You were on level 12 of the Dungeon.
You worshipped Okawaru.
Okawaru was extremely pleased with you.
You were a creature of crystalline ice.
You visited 3 branches of the dungeon, and saw 14 of its levels.

You collected 678 gold pieces.

Inventory:

Jewellery
 k - an amulet of magic regeneration (around neck)
 m - a ring of protection from magic (left front paw)
 s - an uncursed ring of fire
 v - an uncursed ring of stealth
 y - a +6 ring of dexterity (right front paw)
Wands
 r - a wand of polymorph (10)
 D - a wand of digging (4)
 E - a wand of enslavement (26)
 I - a wand of iceblast (24)
 P - a wand of paralysis (21)
Scrolls
 b - 2 scrolls of noise
 c - a scroll of brand weapon {unknown}
 i - a scroll of vulnerability {unknown}
 n - 3 scrolls of fog
 o - 3 scrolls of fear {unknown}
 p - 2 scrolls of amnesia {unknown}
 t - a scroll of immolation {unknown}
 u - a scroll of enchant weapon {unknown}
 w - 3 scrolls of random uselessness {unknown}
 x - a scroll of acquirement {unknown}
 B - 3 scrolls of blinking
 M - 4 scrolls of magic mapping
 R - 4 scrolls of identify
 T - 4 scrolls of teleportation
 W - 6 scrolls of remove curse
Potions
 a - 5 potions of brilliance
 d - a potion of might
 e - 3 potions of mutation
 f - 2 potions of resistance
 g - a potion of ambrosia
 h - 2 potions of heal wounds
 l - 2 potions of flight
 q - a potion of stabbing
 z - a potion of cancellation {unknown}
 H - a potion of haste
 Q - 4 potions of curing
Miscellaneous
 Y - a tin of tremorstones (2/3)


   Skills:
 + Level 8.4(13.4) Fighting
 + Level 4.3(9.3) Dodging
 - Level 4.0(9.0) Stealth
 - Level 8.0 Spellcasting
 - Level 4.0 Conjurations
 - Level 3.0 Summonings
 - Level 3.0 Transmutations
 - Level 11.1 Ice Magic
 + Level 2.2 Invocations
 + Level 2.4 Evocations


You had 5 spell levels left.
You knew the following spells:

 Your Spells              Type           Power        Failure   Level
a - Freeze                Ice            ####         1%          1
b - Frozen Ramparts       Ice            ######       1%          3
c - Hailstorm             Conj/Ice       #####...     3%          4
d - Summon Ice Beast      Ice/Summ       #####...     4%          4
h - Ozocubu's Armour      Ice            ######..     1%          3
I - Ice Form              Ice/Tmut       #####...     4%          4

Your spell library contained the following spells:

 Spells                   Type           Power        Failure   Level
 Beastly Appendage        Tmut           ###...       2%          1
 Foxfire                  Conj/Fire      ###.         3%          1
 Wereblood                Tmut           ###.....     3%          2
 Sting                    Tmut/Pois      ##..         4%          1
 Conjure Flame            Conj/Fire      ###.....     11%         3
 Poisonous Vapours        Pois/Air       #.....       12%         2
 Spider Form              Tmut/Pois      ##........   13%         3
 Mephitic Cloud           Conj/Pois/Air  ##......     14%         3
 Ignite Poison            Fire/Tmut/Pois ##......     16%         3
 Metabolic Englaciation   Hex/Ice        ####......   22%         5
 Confusing Touch          Hex            #.......     24%         3
 Gell's Gravitas          Tloc           #.........   24%         3
 Inner Flame              Hex/Fire       #.......     24%         3
 Sticky Flame             Conj/Fire      ###.....     34%         4
 Petrify                  Tmut/Erth      ##......     38%         4
 Blade Hands              Tmut           ###.......   54%         5
 Olgreb's Toxic Radiance  Pois           #.......     61%         4
 Fireball                 Conj/Fire      ###.......   67%         5
 Yara's Violent Unravell  Hex/Tmut       ##........   75%         5


Dungeon Overview and Level Annotations

Branches:
Dungeon (12/15)            Temple (1/1) D:6            Lair (1/6) D:10
    Orc (0/2) D:12

Altars:
Ashenzari
Cheibriados
Dithmenos
Elyvilon
Fedhas
Gozag
Hepliaklqana
Kikubaaqudgha
Makhleb
Nemelex Xobeh
Okawaru
Qazlal
Ru
Sif Muna
Trog
Uskayaw
Vehumet
Wu Jian
Xom
Yredelemnul
Zin
The Shining One

Annotations:
D:12 2 transporters, Jorgrun


Innate Abilities, Weirdness & Mutations

You cannot wear armour.
You are incapable of wielding weapons or throwing items.
Your paws allow you to move quietly. (Stealth)
((You have sharp claws.))
((You have razor-sharp teeth.))
You have supernaturally acute eyesight. (SInv)
((You cover ground quickly.))
((You are covered in thick fur. (AC +2)))
((Your sharp claws are effective at attacking unaware monsters.))


Message History

The water moccasin is heavily wounded.
The water moccasin bites you but does no damage.
You barely miss the water moccasin.
The water moccasin is heavily wounded.
The water moccasin closely misses you.
You barely miss Jorgrun.
Jorgrun is lightly wounded.
The wyvern zombie barely misses you. Jorgrun closely misses you.
Casting: Ice Form (dangerous; 4% risk of failure)
Confirm with . or Enter, or press ? or * to list all spells.
The walls around you are covered in ice.
The wall freezes the water moccasin.
The water moccasin seems to slow down.
The wyvern zombie resists.
The wall freezes the wyvern zombie.
The wyvern zombie closely misses you.
Casting: Frozen Ramparts (safe; 1% risk of failure)
Confirm with . or Enter, or press ? or * to list all spells.
Your icy body feels more resilient.
The wall freezes Jorgrun.
Jorgrun hits you but does no damage. Jorgrun crushes you!
The wyvern zombie resists.
The wall freezes the wyvern zombie.
The wyvern zombie misses you.
The wall freezes the water moccasin!
The water moccasin seems to slow down.
The water moccasin closely misses you.
You gain the combat prowess of a mighty hero.
The wyvern zombie resists.
The wall freezes the wyvern zombie.
The wyvern zombie barely misses you.
The wall freezes Jorgrun!
Jorgrun gestures at you while chanting. The iron shot hits you!!
* * * LOW HITPOINT WARNING * * *
The wall freezes the water moccasin!
You kill the water moccasin!
Okawaru accepts your kill.
You feel much better.
The wyvern zombie resists.
The wall freezes the wyvern zombie.
The wyvern zombie misses you.
The wall freezes Jorgrun!
Jorgrun says, "A few more walls knocked out 'ere an' thar an' 'tis whole place will come crashin' down."
Jorgrun hits you but does no damage. Jorgrun crushes you!
The wyvern zombie resists.
The wall freezes the wyvern zombie.
The wyvern zombie bites you but does no damage.
The orc zombie resists.
The wall freezes the orc zombie.
Casting: Ozocubu's Armour (safe; 1% risk of failure)
Confirm with . or Enter, or press ? or * to list all spells.
Aiming: Freeze (safe; 1% risk of failure)
Press: ? - help, Shift-Dir - straight line, f - Jorgrun
Aim: Jorgrun, wielding a staff of earth and wearing a +0 robe (moderately wounded)
You freeze Jorgrun.
Jorgrun is moderately wounded.
The wall freezes Jorgrun!
Jorgrun casts a spell at you. The iron shot hits you!!!
Ouch! That really hurt!
You die...

# #######.# #..#..##.#..# #
#.# #####..##.#..### # #.#
#...>.....u...# # #.###
#.#..##Z###.###
###########...####...###...#Z#
...)..........##........##..##
#############.#....##.#....#.#
#.#....##.#..#....# ###
#gY###...##u#.#.#$# ...
##Z#..###..Z.....## ... #Z.#
##..##....# ## ##.. ..#. ..##.
... ##. # ### #.## ## .. ...


You could see Jorgrun, a wyvern zombie and an orc zombie.

Vanquished Creatures
  Erolcha (D:10)
  A two-headed ogre (D:10)
  2 unseen horrors
  An ugly thing (D:11)
  Maurice (D:11)
  A cyclops (D:11)
  A komodo dragon (D:10)
  A hippogriff (D:9)
  A wyvern (D:11)
  3 shadows
  5 yaks (D:10)
  Menkaure (D:7)
  A water moccasin (D:12)
  3 ice beasts
  2 orc warriors
  A black bear (D:11)
  An eye of draining (D:12)
  5 sky beasts
  6 ogres
  A phantom (D:8)
  4 centaurs
  2 big kobolds (D:7)
  5 bullfrogs
  A wyvern zombie (D:7)
  8 scorpions
  3 wights (D:8)
  15 killer bees
  A troll zombie (D:12)
  11 howler monkeys
  2 bullfrog zombies (D:12)
  4 hounds
  A jelly (D:5)
  5 orc priests
  A gnoll shaman (D:4)
  2 bullfrog skeletons
  8 orc wizards
  3 centaur skeletons
  2 iguanas
  9 worker ants
  4 ogre zombies (D:12)
  A worker ant zombie (D:6)
  Robin (D:3)
  9 adders
  4 gnolls (D:4)
  A howler monkey skeleton (D:4)
  3 white imps
  An ufetubus (D:7)
  2 oozes
  An adder skeleton (D:4)
  2 worms
  5 dart slugs
  4 leopard geckos
  24 orcs
  4 giant cockroaches
  21 goblins
  8 hobgoblins
  7 jackals
  17 kobolds
  4 quokkas
  A ball python (D:3)
  8 bats
  7 frilled lizards
  A goblin zombie (D:12)
  A hobgoblin skeleton (D:12)
  5 hobgoblin zombies (D:12)
  3 leopard gecko skeletons
  An orc skeleton (D:12)
  7 orc zombies (D:12)
  A quokka skeleton (D:4)
  7 rats
  A plant (D:9)
292 creatures vanquished.

Vanquished Creatures (collateral kills)
  An ugly thing (D:12)
1 creature vanquished.

Vanquished Creatures (others)
  2 killer bees (D:8)
  20 plants
  5 toadstools (D:1)
27 creatures vanquished.

Grand Total: 320 creatures vanquished

Notes
Turn   | Place    | Note
-------+----------+-------------------------------------------
     0 | D:1      | Gorglomux the Felid Ice Elementalist began the quest for
                  | the Orb.
     0 | D:1      | Reached XP level 1. HP: 7/7 MP: 4/4
    35 | D:1      | Reached skill level 3 in Stealth
   284 | D:1      | Reached XP level 2. HP: 11/11 MP: 4/6
   532 | D:1      | Reached skill level 1 in Fighting
   994 | D:1      | Reached XP level 3. HP: 9/16 MP: 4/7
   999 | D:1      | Learned a level 3 spell: Frozen Ramparts
  2217 | D:2      | Reached XP level 4. HP: 19/19 MP: 5/8
  2222 | D:2      | Learned a level 3 spell: Ozocubu's Armour
  2267 | D:2      | Reached skill level 4 in Ice Magic
  2753 | D:3      | Noticed Robin
  2919 | D:3      | Killed Robin
  2919 | D:3      | Reached skill level 3 in Spellcasting
  3087 | D:3      | Reached XP level 5. HP: 19/22 MP: 7/10
  3616 | D:4      | Noticed an ogre
  3662 | D:4      | Killed an ogre
  3662 | D:4      | Reached skill level 5 in Ice Magic
  3662 | D:4      | Gained mutation: You are covered in thick fur. (AC +2)
                  | [Felid growth]
  3662 | D:4      | Reached XP level 6. HP: 26/26 MP: 8/13
  4340 | D:4      | Reached XP level 7. HP: 29/29 MP: 7/15
  4383 | D:4      | Learned a level 4 spell: Hailstorm
  4819 | D:5      | Entered Level 5 of the Dungeon
  4898 | D:5      | Reached skill level 1 in Conjurations
  4898 | D:5      | Reached skill level 6 in Ice Magic
  5127 | D:5      | Reached XP level 8. HP: 33/33 MP: 14/17
  5558 | D:6      | Found an ancient bone altar of Kikubaaqudgha.
  5565 | D:6      | Found a bloodstained altar of Trog.
  5574 | D:6      | Reached skill level 3 in Conjurations
  5796 | D:6      | Found a white marble altar of Elyvilon.
  5802 | D:6      | Reached skill level 6 in Spellcasting
  5818 | D:6      | Found a staircase to the Ecumenical Temple.
  5906 | D:6      | Reached skill level 7 in Ice Magic
  6314 | D:7      | Found a glowing silver altar of Zin.
  6407 | D:7      | Found a sparkling altar of Nemelex Xobeh.
  6847 | Temple   | Entered the Ecumenical Temple
  7479 | Temple   | Became a worshipper of Warmaster Okawaru
  7544 | D:7      | Reached XP level 9. HP: 24/36 MP: 3/20
  7759 | D:7      | Found a shattered altar of Ashenzari.
  7783 | D:7      | Reached skill level 8 in Ice Magic
  8018 | D:7      | Noticed Menkaure
  8032 | D:7      | Killed Menkaure
  8187 | D:7      | Reached * piety under Okawaru
  8486 | D:8      | Learned a level 4 spell: Ice Form
  8491 | D:8      | Learned a level 4 spell: Summon Ice Beast
  9423 | D:8      | Found a radiant altar of Vehumet.
  9912 | D:8      | Reached skill level 3 in Fighting
 10067 | D:9      | Reached skill level 9 in Ice Magic
 10190 | D:9      | Found a shimmering blue altar of Sif Muna.
 10271 | D:9      | Reached ** piety under Okawaru
 10660 | D:9      | Reached XP level 10. HP: 28/43 MP: 8/23
 11116 | D:10     | Entered Level 10 of the Dungeon
 11441 | D:10     | Reached *** piety under Okawaru
 11442 | D:10     | Reached skill level 10 in Ice Magic
 11566 | D:10     | Found a staircase to the Lair.
 11633 | D:10     | Noticed an unseen horror
 11640 | D:10     | Killed an unseen horror
 11640 | D:10     | Reached skill level 6 in Fighting
 12022 | D:10     | Noticed Erolcha
 12038 | D:10     | Killed Erolcha
 12038 | D:10     | Reached **** piety under Okawaru
 12370 | D:10     | Noticed a two-headed ogre
 12394 | D:10     | Killed a two-headed ogre
 12604 | D:10     | Reached ***** piety under Okawaru
 12604 | D:10     | Reached skill level 11 in Ice Magic
 12636 | Lair:1   | Entered Level 1 of the Lair of Beasts
 12639 | Lair:1   | Noticed a cane toad
 12928 | D:11     | Reached XP level 11. HP: 39/51 MP: 18/24
 13388 | D:11     | Noticed Maurice
 13396 | D:11     | Killed Maurice
 13396 | D:11     | Reached skill level 1 in Summonings
 13396 | D:11     | Reached skill level 1 in Transmutations
 13697 | D:11     | Noticed an unseen horror
 13704 | D:11     | Killed an unseen horror
 13732 | D:11     | Hit by a large rock thrown by a cyclops
 13733 | D:11     | Reached XP level 10. HP: -12/57 MP: 12/23
 13750 | D:11     | Killed a cyclops
 13750 | D:11     | Reached skill level 3 in Summonings
 13750 | D:11     | Reached skill level 3 in Transmutations
 13750 | D:11     | Reached skill level 3 in Dodging
 13784 | D:11     | Noticed a green ugly thing
 13817 | D:11     | Killed a green ugly thing
 13922 | D:11     | Reached skill level 1 in Evocations
 14107 | D:12     | Reached skill level 1 in Invocations
 14371 | D:12     | Found a staircase to the Orcish Mines.
 14408 | D:12     | Noticed a white ugly thing
 14653 | D:12     | Killed a white ugly thing
 14740 | D:12     | Found a transporter.
 14740 | D:12     | Noticed a worldbinder
 14747 | D:12     | Noticed a wizard
 14750 | D:12     | Found a transporter.
 15054 | D:12     | Noticed Jorgrun
 15071 | D:12     | HP: 1/73 [Jorgrun/uncursed staff of earth (13)]
 15071 | D:12     | Slain by a water moccasin
 15072 | D:12     | Reached XP level 9. HP: -4/67 MP: 6/22
 15105 | D:12     | Killed from afar by Jorgrun

Illustrated notes

Levels and vault maps discovered:
D:1:      ldierk_walled_garden, layout_basic
D:2:      minmay_chambers_of_ones, layout_basic
D:3:      layout_rooms, uniq_robin
D:4:      layout_gridville, minmay_misc_feat_tiny
D:5:      layout_rooms
D:6:      layout_basic, elyvilon_altar_5, grunt_temple_overflow_open,
          minmay_temple_entry_glassed_door, minmay_misc_feat_hallway,
          kennysheep_path_1
D:7:      layout_loops_ring, lemuel_doored_altar, basic_altar,
          nemelex_spade_bored_becter, uniq_menkaure
D:8:      layout_gridville, fiery_altar_vehumet
D:9:      layout_loops_ring, kennysheep_mini_moat, minmay_fountain_box,
          serial_bayou_crossing
D:10:     layout_roguey, david_lair_shrubbed, uniq_erolcha
D:11:     layout_loops_cross, minmay_quadrilaterals, uniq_maurice
D:12:     layout_long_grid, zombieorc1_lemuel, gammafunk_ghost_abyssal_escape,
          serial_glass, glass_columns_c, glass_columns_a, item_on_display_a,
          lemuel_angel_altar, uniq_jorgrun, uniq_kirke
Temple:   eino_temple_scatter_basement
Lair:1:   beast_lair_carwin_large_2, layout_regular_city,
          nicolae_quartered_pool_little

Skill      XL: |  1  2  3  4  5  6  7  8  9 10 11 |
---------------+----------------------------------+-----
Stealth        | 3 4 |  4.0
Fighting       | 1 4 8 |  8.4
Ice Magic      | 4 5 6 7 9 11 | 11.1
Spellcasting   | 3 4 5 7 8 |  8.0
Conjurations   | 2 3 4 |  4.0
Summonings     | 3 2 |  3.0
Transmutations | 3 2 |  3.0
Dodging        | 4 |  4.3
Evocations     | 2 |  2.4
Invocations    | 2 |  2.2

Action                   |  1- 3 |  4- 6 |  7- 9 | 10-12 || total
-------------------------+-------+-------+-------+-------++-------
Melee: Unarmed           |    13 |    23 |   166 |   206 ||   408
       Bite              |     2 |     2 |    10 |    11 ||    25
 Cast: Freeze            |    54 |    88 |    98 |    52 ||   292
       Frozen Ramparts   |     1 |    13 |    40 |    27 ||    81
       Ozocubu's Armour  |       |     5 |    23 |    19 ||    47
       Hailstorm         |       |       |    23 |    38 ||    61
       Ice Form          |       |       |     4 |    12 ||    16
       Summon Ice Beast  |       |       |       |     6 ||     6
Invok: Heroism           |       |       |     2 |     8 ||    10
 Abil: End Transformatio |       |       |       |     1 ||     1
Evoke: Wand              |       |       |     6 |     3 ||     9
       Tin of tremorston |       |       |       |     1 ||     1
  Use: Scroll            |     2 |       |    10 |     7 ||    19
       Potion            |       |       |     2 |     4 ||     6
 Stab: Sleeping          |     9 |     3 |     4 |     2 ||    18
       Paralysed         |       |       |    18 |     2 ||    20
Armor: Skin              |       |     6 |    52 |    66 ||   124
Dodge: Dodged            |    30 |    88 |   199 |   204 ||   521

Table legend: (Time is in decaauts)
 A = Elapsed time spent in this place.
 B = Non-inter-level travel time spent in this place.
 C = Inter-level travel time spent in this place.
 D = Time resting spent in this place.
 E = Time spent auto-exploring this place.
 F = Levels seen in this place.
 G = Mean time per level.
                   A        B        C        D        E       F      G
               +--------+--------+--------+--------+--------+-----+--------+
         Total |  13552 |  12493 |   1059 |   2100 |   7514 |  14 |  968.0 |
       Dungeon |  13401 |  12376 |   1025 |   2100 |   7411 |  12 | 1116.8 |
        Temple |    143 |    109 |     34 |      0 |    102 |   1 |  143.0 |
          Lair |      7 |      7 |      0 |      0 |      0 |   1 |    7.0 |
               +--------+--------+--------+--------+--------+-----+--------+

Top non-repeatable levels by time:
    D:11: 1566 daAuts
     D:8: 1395 daAuts
    D:10: 1365 daAuts
     D:6: 1279 daAuts
     D:7: 1241 daAuts
     D:4: 1237 daAuts
     D:2: 1196 daAuts
     D:1: 1122 daAuts
     D:9: 1023 daAuts
     D:3: 721 daAuts
    D:12: 683 daAuts
     D:5: 567 daAuts
  Temple: 143 daAuts
  Lair:1: 7 daAuts
